 Dungeon Crawl Stone Soup version 0.16-b1 (webtiles) character file.

452 Medar the Bolt Thrower (level 6, 0/46 HPs)
             Began as a Mummy Hunter on Mar 3, 2015.
             Was an Initiate of Okawaru.
             Slain by a goblin (4 damage)
             ... on level 5 of the Dungeon.
             The game lasted 00:11:21 (3877 turns).

Medar the Bolt Thrower (Mummy Hunter)               Turns: 3877, Time: 00:11:21

Health: 0/46       AC: -3    Str: 17    XL:     6   Next: 75%
Magic:  6/6        EV: 11    Int: 10    God:    Okawaru [......]
Gold:   238        SH:  0    Dex: 12    Spells: 0 memorised, 5 levels left

rFire  x . .     SeeInvis .     b - +2 hand crossbow
rCold  + . .     Clarity  .     f - +1 ring mail
rNeg   + + +     SustAb   .     (no shield)
rPois  ∞         Gourm    .     (no helmet)
rElec  .         Spirit   .     (no cloak)
rCorr  .         Warding  .     (no gloves)
rMut   .         Stasis   .     (no boots)
MR     .....                    (no amulet)
Stlth  +.........               (no ring)
                                g - ring of wizardry

@: corroded equipment, not resistant to hostile enchantments, very unstealthy
A: no food or potions, fire vulnerability, restore body, cold resistance 1,
negative energy resistance 3, poison resistance, torment resistance, unbreathing
a: Renounce Religion


You were on level 5 of the Dungeon.
You worshipped Okawaru.
Okawaru was noncommittal.
You were not hungry.

You visited 2 branches of the dungeon, and saw 6 of its levels.

You collected 238 gold pieces.

Inventory:

Hand weapons
 a - a +1 short sword of protection
 b - a +2 hand crossbow (weapon)
 o - a +1 mace of protection
 p - a +1 dagger of flaming
 q - a +0 short sword
Missiles
 c - 31 bolts (quivered)
 e - 19 poisoned needles
Armour
 f - a +1 ring mail (worn)
Jewellery
 g - a ring of wizardry (left hand)
 i - an uncursed ring of ice
Magical devices
 k - a wand of teleportation (4)
Scrolls
 d - 2 scrolls of enchant weapon
 h - 2 scrolls of remove curse {@r1}
 j - 3 scrolls of teleportation
 l - a scroll of magic mapping
 m - 3 scrolls of enchant armour
 n - a scroll of immolation
 r - a scroll of fog
 s - a scroll of fear {unknown}


   Skills:
 + Level 2.6 Fighting
 - Level 3.7 Short Blades
 * Level 4.6 Crossbows
 + Level 1.2 Armour
 + Level 2.2 Dodging
 - Level 0.7 Stealth


You had 5 spell levels left.
You didn't know any spells.

Dungeon Overview and Level Annotations

Branches:
Dungeon (5/15)             Temple (1/1) D:4

Altars:
Ashenzari
Cheibriados
Dithmenos
Elyvilon
Okawaru
Ru
Sif Muna
Trog
Vehumet
Xom
Yredelemnul
The Shining One
Lugonu


Innate Abilities, Weirdness & Mutations

You do not eat or drink.
Your flesh is vulnerable to fire.
Your flesh is cold resistant.
You are immune to negative energy.
Your system is resistant to poisons.
You are immune to unholy pain and torment.
You can survive without breathing.


Message History

You are splashed with acid!
The acid burns!
* * * LOW HITPOINT WARNING * * *
Firing (i - inventory):
c - 33 bolts (quivered)
Press: ? - help, Shift-Dir - straight line, f - jelly
Aim: a jelly (heavily wounded)
You shoot a bolt. The bolt hits the jelly!
You kill the jelly!
Okawaru accepts your kill. The hobgoblin hits you.
* * * LOW HITPOINT WARNING * * *
The goblin hits you.
* * * LOW HITPOINT WARNING * * *
Firing (i - inventory):
c - 32 bolts (quivered)
Press: ? - help, Shift-Dir - straight line, f - hobgoblin
Aim: a hobgoblin (lightly wounded)
You shoot a bolt. The bolt hits the hobgoblin!
You kill the hobgoblin!
Okawaru accepts your kill. The goblin hits you.
You die...

####### ###.....#
## ..+.....#
##..##.#.....# #...
P.#.....#
##..P.P.#.....####
...⌠._#.#.(g.......
#...PP.#.@........
#.##(###.....
##......# .
##.(.(...+
+........# .
##+####...# ...
+##.....#'###.....
...............#
...............#


You could see a goblin.

Vanquished Creatures
  Duvessa (D:4)
  A scorpion (D:4)
  Dowan (D:4)
  A jelly (D:5)
  Natasha (thrice) (D:3)
  A worker ant (D:4)
  Ijyb (D:3)
  Jessica (D:3)
  4 gnolls (D:3)
  7 adders
  2 orcs
  A ball python (D:1)
  2 bats (D:3)
  4 giant cockroaches
  6 goblins
  10 hobgoblins
  2 jackals (D:4)
  10 kobolds
  2 quokkas
  4 giant geckos
  3 giant newts
  A goblin zombie (D:4)
  6 rats
  A rat zombie (D:4)
75 creatures vanquished.

Vanquished Creatures (others)
  A bat (D:2)
1 creature vanquished.

Grand Total: 76 creatures vanquished

Notes
Turn   | Place    | Note
--------------------------------------------------------------
     0 | D:1      | Medar, the Mummy Hunter, began the quest for the Orb.
     0 | D:1      | Reached XP level 1. HP: 16/16 MP: 1/1
   759 | D:1      | Reached XP level 2. HP: 17/22 MP: 2/2
   878 | D:2      | Reached skill level 1 in Short Blades
  1174 | D:2      | Reached XP level 3. HP: 27/27 MP: 3/3
  1249 | D:2      | Found a white marble altar of Elyvilon.
  1596 | D:2      | Reached XP level 4. HP: 31/33 MP: 4/4
  1610 | D:2      | Found a glowing golden altar of the Shining One.
  1610 | D:2      | Found a shadowy altar of Dithmenos.
  2023 | D:3      | Noticed Natasha
  2026 | D:3      | Killed Natasha
  2072 | D:3      | Noticed Ijyb
  2080 | D:3      | Killed Ijyb
  2080 | D:3      | Reached XP level 5. HP: 38/38 MP: 5/5
  2084 | D:3      | Noticed Natasha
  2088 | D:3      | Killed Natasha
  2221 | D:3      | Noticed Natasha
  2224 | D:3      | Killed Natasha
  2284 | D:3      | Reached skill level 4 in Crossbows
  2421 | D:3      | Noticed Jessica
  2425 | D:3      | Killed Jessica
  2627 | D:4      | Noticed Duvessa
  2627 | D:4      | Noticed Dowan
  2706 | D:4      | Found a sand-covered staircase.
  2866 | D:4      | Reached XP level 6. HP: 22/44 MP: 6/6
  2887 | D:4      | Found a staircase to the Ecumenical Temple.
  2900 | Temple   | Entered the Ecumenical Temple
  2931 | Temple   | Became a worshipper of Warmaster Okawaru
  3160 | D:4      | Killed Duvessa
  3348 | D:4      | Killed Dowan
  3348 | D:4      | Reached skill level 1 in Armour
  3436 | D:4      | Found a glowing golden altar of the Shining One.
  3493 | D:5      | Entered Level 5 of the Dungeon
  3855 | D:5      | Found a radiant altar of Vehumet.
  3877 | D:5      | Slain by a goblin

Action                   |  1- 3 |  4- 6 || total
-------------------------+-------+-------++-------
Melee: Short sword       |   148 |   133 ||   281
       Dagger            |       |    16 ||    16
 Fire: Hand crossbow     |    12 |    54 ||    66
  Use: Scroll            |       |    11 ||    11
